 Dungeon Crawl Stone Soup version 0.30-a0-715-gdb4ae3ece1 (webtiles) character file.

Game seed: 205725490003113134

4973 mopl the Cleaver (level 10, 0/90 HPs)
             Began as a Minotaur Delver on Jan 24, 2023.
             Was a Believer of Okawaru.
             Killed from afar by an electric eel (5 damage)
             ... with a bolt of electricity
             ... on level 8 of the Dungeon.
             The game lasted 00:08:41 (6500 turns).

mopl the Cleaver (Minotaur Delver)                  Turns: 6500, Time: 00:08:42

Health: 0/90       AC: 20    Str: 21    XL:     10   Next: 28%
Magic:  10/10      EV:  8    Int:  7    God:    Okawaru [**....]
Gold:   473        SH:  0    Dex:  7    Spells: 9/9 levels left

rFire   . . .      SeeInvis .    b - +1 flail (venom)
rCold   . . .      Faith    .    (no shield)
rNeg    . . .      Spirit   .    T - +0 plate armour
rPois   .          Reflect  .    (helmet restricted)
rElec   .          Harm     .    M - +0 cloak
rCorr   +          Rampage  .    (no gloves)
Will    ++...                    K - +0 pair of boots "Istrow" {Will+ rCorr Dex-5} Stlth
                                 F - amulet of regeneration
HPRegen 1.15/turn                j - ring of willpower
MPRegen 0.12/turn                z - +4 ring of protection

@: no status effects
A: horns 2, retaliatory headbutt
a: Renounce Religion, Heroism


You were on level 8 of the Dungeon.
You worshipped Okawaru.
Okawaru was pleased with you.
You visited 2 branches of the dungeon, and saw 9 of its levels.

You collected 473 gold pieces.

Inventory:

Hand Weapons
 a - a +0 hand axe
 b - a +1 flail of venom (weapon)
 s - a +1 scythe of flaming
Missiles
 u - 13 boomerangs
 E - 6 poisoned darts (quivered)
 I - 2 javelins
Armour
 K - the +0 pair of boots "Istrow" (worn) {Will+ rCorr Dex-5}
   (You found it on level 6 of the Dungeon)

   Dex:       It affects your dexterity (-5).
   rCorr:     It protects you from acid and corrosion.
   Will:      It increases your willpower.
 M - a +0 cloak (worn)
 T - a +0 plate armour (worn)
Magical Staves
 J - a staff of cold
Jewellery
 j - a ring of willpower (left hand)
 p - an amulet of reflection
 z - a +4 ring of protection (right hand)
 F - an amulet of regeneration (around neck)
 G - an amulet of guardian spirit
 P - an amulet of the acrobat
 S - a ring of willpower
Wands
 g - a wand of digging (3)
 r - a wand of mindburst (13)
 L - a wand of paralysis (6)
 Q - a wand of polymorph (11)
Scrolls
 c - 4 scrolls of fog
 d - 3 scrolls of magic mapping
 e - 3 scrolls of fear
 k - a scroll of immolation {unknown}
 l - 2 scrolls of identify
 q - 3 scrolls of poison {unknown}
 t - a scroll of silence {unknown}
 v - 3 scrolls of enchant weapon {unknown}
 x - a scroll of enchant armour {unknown}
 y - 7 scrolls of teleportation {unknown}
 A - 2 scrolls of blinking {unknown}
 C - 2 scrolls of amnesia {unknown}
 D - 2 scrolls of acquirement {unknown}
Potions
 f - a potion of haste
 h - a potion of ambrosia
 i - a potion of mutation {!q}
 m - 3 potions of magic
 o - 3 potions of might
 w - 2 potions of brilliance
 B - 4 potions of curing
 H - 3 potions of heal wounds
 N - 2 potions of flight {unknown}
 O - a potion of cancellation {unknown}
 R - a potion of berserk rage {unknown}


   Skills:
 + Level 8.5 Fighting
 * Level 11.2 Axes
 + Level 2.4 Throwing
 + Level 7.6 Armour
 + Level 7.4 Dodging
 - Level 4.1 Stealth
 + Level 2.3 Invocations
 + Level 2.3 Evocations


You had 9 spell levels left.
You didn't know any spells.
Your spell library contained the following spells:

 Spells                   Type           Power      Damage    Failure   Level
 Apportation              Tloc           0%         N/A       100%        1
 Necrotise                Necr           0%         1d4       100%        1
 Slow                     Hex            0%         N/A       100%        1
 Cigotuvi's Dreadful Rot  Necr/Pois/Air  0%         N/A       100%        2
 Poisonous Vapours        Pois/Air       0%         N/A       100%        2
 Confusing Touch          Hex            0%         N/A       100%        3
 Ignite Poison            Fire/Tmut/Pois 0%         N/A       100%        3
 Kindle Blastsparks       Fire/Tloc/Air  0%         2d10      100%        3
 Mephitic Cloud           Conj/Pois/Air  0%         N/A       100%        3
 Portal Projectile        Hex/Tloc       0%         N/A       100%        3
 Vampiric Draining        Necr           0%         2d6       100%        3
 Leda's Liquefaction      Hex/Erth       0%         N/A       100%        4
 Freezing Cloud           Conj/Ice/Air   0%         6-21      100%        5
 Summon Small Mammal      Summ           Unusable   N/A       N/A         1
 Call Canine Familiar     Summ           Unusable   N/A       N/A         3
 Summon Guardian Golem    Hex/Summ       Unusable   N/A       N/A         3

Dungeon Overview and Level Annotations

Branches:
Dungeon (8/15)             Temple (1/1) D:7            Lair (0/5) D:8

Altars:
Ashenzari
Cheibriados
Dithmenos
Elyvilon
Fedhas
Gozag
Hepliaklqana
Makhleb
Nemelex Xobeh
Okawaru
Qazlal
Ru
Sif Muna
Trog
Uskayaw
Vehumet
Wu Jian
Xom
Yredelemnul
Zin
The Shining One

Shops:
D:6 (

Annotations:
D:8 3 runed translucent doors, Chingon's ghost, novice MiFi; ThereIsNoGod's ghost, novice OpFi; wogdood's ghost, novice TeAE


Innate Abilities, Weirdness & Mutations

You have a pair of horns on your head.
You reflexively headbutt those who attack you in melee.


Message History

The electric eel's mind is blasted!
You start resting.
An electric eel is nearby!
The electric eel shoots out a bolt of lightning at you!
The bolt of electricity misses you.
The electric eel shoots out a bolt of lightning at you!
The bolt of electricity hits you! x2
There is an open door here.
The electric eel shoots out a bolt of lightning at you!
The bolt of electricity hits you.
The electric eel shoots out a bolt of lightning at you!
The bolt of electricity hits you!
The electric eel shoots out a bolt of lightning at you!
The bolt of electricity hits you!
The electric eel shoots out a bolt of lightning at you!
The bolt of electricity hits you.
The electric eel shoots out a bolt of lightning at you!
The bolt of electricity hits you.
The electric eel shoots out a bolt of lightning at you!
The bolt of electricity hits you!
* * * LOW HITPOINT WARNING * * *
You see here a +0 longbow.
You barely miss the electric eel.
The electric eel is severely wounded.
The electric eel shoots out a bolt of lightning at you!
The bolt of electricity hits you!
* * * LOW HITPOINT WARNING * * *
You thump the electric eel!
You kill the electric eel!
Okawaru accepts your kill.
The electric eel shoots out a bolt of lightning at you!
The bolt of electricity hits you!
* * * LOW HITPOINT WARNING * * *
You completely miss the electric eel.
The electric eel is severely wounded.
You miss the electric eel.
The electric eel is severely wounded.
The electric eel shoots out a bolt of lightning at you!
The bolt of electricity hits you.
You die...

##.....## #......##.## #.......#
######.#....# # #.......#
##~~..'.[...##
####.......######~#####.##...###
..###.....##.)..~##SSS#####....#
.....#...##.######≈≈?≈≈# #....#
#.##.....#~##≈≈≈##$[[..####....#
#.####.#>#~#≈≈$S≈#~P~P~##......#
.........#~#...~@#~..~.#...#.[.##
#........#~#).~.~#.....#..##.)..)
#........#.#PP.~~# #.....####
.........#.#.....# ##.#### #
#........#.#.....#####..#.# #
#........#.##..'##~~...##.# ###
#........##.####..~### #..# ###..
#....###.###~~...###.###..###...#
#######..# #######........#...###


You could see an electric eel.

Vanquished Creatures
  A two-headed ogre (D:7)
  Pikel (D:6)
  Psyche (D:8)
  An unseen horror (D:7)
  A troll (D:6)
  Prince Ribbit (D:7)
  Sigmund (D:2)
  A wraith (D:7)
  An acid dragon (D:8)
  2 black bears
  2 sky beasts
  3 ice beasts
  3 ogres
  2 centaurs
  3 lemures (D:6)
  3 bullfrogs
  A scorpion (D:6)
  A necrophage (D:7)
  4 wights (D:8)
  A killer bee (D:8)
  A howler monkey (D:8)
  2 electric eels (D:8)
  A hound (D:5)
  2 jellies
  Crazy Yiuf (D:7)
  A gnoll bouda (D:4)
  5 orc priests
  Jessica (D:2)
  5 iguanas
  8 orc wizards
  3 gnolls
  5 adders
  A white imp (D:7)
  3 worms
  7 dart slugs
  39 orcs
  8 ball pythons
  4 endoplasms
  2 giant cockroaches
  13 goblins
  6 hobgoblins
  7 jackals
  4 kobolds
  7 quokkas
  8 bats
  4 frilled lizards
  11 rats
193 creatures vanquished.

Vanquished Creatures (others)
  18 plants
  4 withered plants (D:8)
22 creatures vanquished.

Grand Total: 215 creatures vanquished

Notes
Turn   | Place    | Note
-------+----------+-------------------------------------------
     0 | D:5      | mopl the Minotaur Delver began the quest for the Orb.
     0 | D:5      | Reached XP level 1. HP: 19/19 MP: 0/0
    36 | D:4      | Noticed an iguana
    45 | D:4      | Killed an iguana
    46 | D:4      | Reached skill level 3 in Axes
    46 | D:4      | Reached skill level 1 in Armour
    46 | D:4      | Reached XP level 2. HP: 14/27 MP: 1/1
   124 | D:4      | Reached XP level 3. HP: 33/33 MP: 2/2
   130 | D:5      | Reached skill level 4 in Fighting
   394 | D:3      | Reached skill level 4 in Axes
   394 | D:3      | Reached skill level 2 in Armour
   394 | D:3      | Reached skill level 3 in Dodging
   394 | D:3      | Reached XP level 4. HP: 26/40 MP: 3/3
   690 | D:2      | Noticed Sigmund
   733 | D:2      | Killed Sigmund
   734 | D:2      | Reached skill level 5 in Axes
   734 | D:2      | Reached XP level 5. HP: 9/47 MP: 4/4
   735 | D:2      | Reached XP level 6. HP: 11/55 MP: 5/5
  1187 | D:1      | Reached skill level 3 in Armour
  1789 | D:2      | Noticed Jessica
  1795 | D:2      | Killed Jessica
  1796 | D:2      | Reached skill level 5 in Fighting
  2324 | D:3      | Found a snail-covered altar of Cheibriados.
  2974 | D:4      | Reached skill level 4 in Dodging
  3178 | D:4      | Found a white marble altar of Elyvilon.
  3200 | D:4      | Reached skill level 6 in Axes
  3242 | D:4      | Reached XP level 7. HP: 26/61 MP: 6/6
  3568 | D:5      | Found a hazy altar of Hepliaklqana.
  3571 | D:5      | Found an opulent altar of Gozag.
  3621 | D:5      | Reached skill level 4 in Armour
  3833 | D:5      | Reached skill level 7 in Axes
  3834 | D:5      | Reached skill level 6 in Fighting
  3886 | D:5      | Reached XP level 8. HP: 63/70 MP: 7/7
  4001 | D:5      | Reached skill level 5 in Dodging
  4209 | D:6      | Noticed Pikel
  4227 | D:6      | Killed Pikel
  4228 | D:6      | Reached skill level 8 in Axes
  4228 | D:6      | Reached skill level 5 in Armour
  4262 | D:6      | Identified the +0 pair of boots "Istrow" {Will+ rCorr
                  | Dex-5}
  4344 | D:6      | Reached skill level 7 in Fighting
  4362 | D:6      | Reached skill level 9 in Axes
  4362 | D:6      | Reached skill level 6 in Armour
  4362 | D:6      | Reached skill level 6 in Dodging
  4456 | D:6      | Noticed a troll
  4470 | D:6      | Killed a troll
  4471 | D:6      | Reached XP level 9. HP: 36/79 MP: 8/8
  4562 | D:6      | Found Diniemn's Weapon Shoppe.
  5112 | D:7      | Noticed Prince Ribbit
  5126 | D:7      | Killed Prince Ribbit
  5127 | D:7      | Reached skill level 10 in Axes
  5239 | D:7      | Found a staircase to the Ecumenical Temple.
  5262 | Temple   | Entered the Ecumenical Temple
  5271 | Temple   | Became a worshipper of Warmaster Okawaru
  5330 | D:7      | Found a runed translucent door.
  5331 | D:7      | Noticed Crazy Yiuf
  5335 | D:7      | Killed Crazy Yiuf
  5596 | D:7      | Noticed a two-headed ogre
  5617 | D:7      | Killed an unseen horror
  5618 | D:7      | Reached skill level 8 in Fighting
  5618 | D:7      | Reached skill level 1 in Throwing
  5618 | D:7      | Reached skill level 7 in Armour
  5618 | D:7      | Reached skill level 1 in Evocations
  5696 | D:7      | Reached skill level 1 in Invocations
  5735 | D:7      | Reached * piety under Okawaru
  5736 | D:7      | Reached skill level 7 in Dodging
  5875 | D:7      | Killed a two-headed ogre
  5876 | D:7      | Reached XP level 10. HP: 45/88 MP: 8/10
  5975 | D:8      | Found a runed translucent gate.
  5976 | D:8      | Found a runed translucent gate.
  5979 | D:8      | Found a runed translucent gate.
  5985 | D:8      | Noticed wogdood's ghost (novice TeAE)
  5985 | D:8      | Noticed ThereIsNoGod's ghost (novice OpFi)
  5985 | D:8      | Noticed Chingon's ghost (novice MiFi)
  6117 | D:8      | Reached skill level 2 in Throwing
  6153 | D:8      | Found a staircase to the Lair.
  6219 | D:8      | Noticed Psyche
  6233 | D:8      | Killed Psyche
  6234 | D:8      | Reached skill level 11 in Axes
  6234 | D:8      | Reached skill level 2 in Invocations
  6234 | D:8      | Reached skill level 2 in Evocations
  6384 | D:8      | Reached ** piety under Okawaru
  6389 | D:8      | Found a hide-covered altar of Uskayaw.
  6498 | D:8      | HP: 3/90 [electric eel/bolt of electricity (12)]
  6500 | D:8      | Killed from afar by an electric eel

Illustrated notes

Levels and vault maps discovered:
D:1:      shiori_shiawase, layout_loops_ring, minmay_domino_4
D:2:      layout_basic, kennysheep_generic_room_6, uniq_jessica, uniq_sigmund
D:3:      wad_woods_stonehenge, layout_basic
D:4:      layout_cave_pools, nicolae_elyvilon_peaceful_grove
D:5:      layout_basic, nicolae_overflow_squiral, minmay_ogre_servants
D:6:      layout_basic, serial_shops, kennysheep_mini_moat, serial_rivers,
          chequers_serial_rivers_small_b, chequers_serial_rivers_large_a,
          chequers_serial_rivers_micro_e, chequers_serial_rivers_micro_e,
          uniq_pikel
D:7:      layout_gridville, temple_fountains, kb_rosetta, uniq_prince_ribbit1,
          uniq_crazy_yiuf_cottage
D:8:      cheibrodos_two_vegetables, layout_rooms, mainiacjoe_overflow_alcove_2,
          lair_entry_dummy, gammafunk_ghost_cemetery, uniq_psyche
Temple:   sentei_temple_godly_chess

Skill      XL: |  1  2  3  4  5  6  7  8  9 10 |
---------------+-------------------------------+-----
Axes           | 3 4 5 6 7 9 10 11 | 11.2
Armour         | 1 2 3 4 6 7 |  7.6
Fighting       | 4 5 6 7 8 |  8.5
Dodging        | 3 4 6 7 |  7.4
Throwing       | 1 2 |  2.4
Evocations     | 1 2 |  2.3
Invocations    | 1 2 |  2.3
Stealth        | |  4.1

Action                     |  1- 3 |  4- 6 |  7- 9 | 10-12 || total
---------------------------+-------+-------+-------+-------++-------
  Melee: Hand axe          |    42 |   193 |   130 |       ||   365
         Headbutt          |     6 |    32 |    47 |    15 ||   100
         Punch             |       |     3 |     4 |     2 ||     9
         Flail             |       |       |   140 |    89 ||   229
  Throw: Dart              |       |       |     2 |       ||     2
  Evoke: Wand              |       |     2 |     2 |     3 ||     7
    Use: Scroll            |       |     8 |       |       ||     8
 Armour: Leather armour    |     3 |       |       |       ||     3
         Scale mail        |     9 |       |       |       ||     9
         Chain mail        |       |    96 |   192 |    16 ||   304
         Plate armour      |       |       |       |    28 ||    28
  Dodge: Dodged            |    14 |    81 |    92 |    35 ||   222
  Block: Other             |       |    37 |       |       ||    37
         Reflection        |       |     2 |       |       ||     2

Table legend: (Time is in decaauts)
 A = Elapsed time spent in this place.
 B = Non-inter-level travel time spent in this place.
 C = Inter-level travel time spent in this place.
 D = Time resting spent in this place.
 E = Time spent auto-exploring this place.
 F = Levels seen in this place.
 G = Mean time per level.
                   A        B        C        D        E       F      G
               +--------+--------+--------+--------+--------+-----+--------+
         Total |   6545 |   6325 |    220 |    947 |   3911 |   9 |  727.2 |
       Dungeon |   6528 |   6315 |    213 |    947 |   3911 |   8 |  816.0 |
        Temple |     16 |      9 |      7 |      0 |      0 |   1 |   16.0 |
               +--------+--------+--------+--------+--------+-----+--------+

Top non-repeatable levels by time:
     D:3: 1087 daAuts
     D:2: 978 daAuts
     D:6: 897 daAuts
     D:7: 881 daAuts
     D:5: 860 daAuts
     D:4: 733 daAuts
     D:8: 547 daAuts
     D:1: 542 daAuts
  Temple: 16 daAuts
